 Dungeon Crawl Stone Soup version 0.28-a0-803-g74956062c1 (webtiles) character file.

Game seed: 4310751301344902886

32736 jnbjl the Unseen (level 13, -4/66 HPs)
             Began as a Spriggan Enchanter on Nov 7, 2021.
             Was a Believer of Dithmenos.
             Shot with an arrow by a centaur warrior (22 damage)
             ... on level 14 of the Dungeon.
             The game lasted 00:42:03 (19279 turns).

jnbjl the Unseen (Spriggan Enchanter)              Turns: 19279, Time: 00:42:03

Health: -4/66      AC: 13    Str:  8    XL:     13   Next: 33%
Magic:  19/34      EV: 24    Int: 18    God:    Dithmenos [**....]
Gold:   1845       SH:  0    Dex: 17    Spells: 24/38 levels left

rFire   . . .      SeeInvis +   z - +4 dagger (drain)
rCold   + + +      Faith    .   (shield restricted)
rNeg    . . .      Spirit   .   o - +4 skin of Zhor {*Englaciate rC+++ SInv}
rPois   +          Reflect  .   (helmet restricted)
rElec   +          Harm     .   y - +2 cloak
rCorr   .          Rampage  .   (gloves unavailable)
Will    ++...      Rage     1%  (boots unavailable)
Stlth   ++++++++..              n - amulet of magic regeneration
HPRegen 0.21/turn               v - +4 ring of protection
MPRegen 0.49/turn               f - +4 ring of slaying

@: very slightly contaminated, wreathed by umbra, invisible, very quick
A: very small, no large weapons, unfitting armour, see invisible, speed 3, agile
1, berserk 1, high mp 1, poison resistance, electricity resistance
a: Renounce Religion, Shadow Step


You were on level 14 of the Dungeon.
You worshipped Dithmenos.
Dithmenos was pleased with you.
You visited 2 branches of the dungeon, and saw 15 of its levels.
You also visited: Ice Cave.

You collected 2130 gold pieces.
You spent 285 gold pieces at shops.

Inventory:

Hand Weapons
 z - a +4 dagger of draining (weapon)
 F - a +4 dagger
Missiles
 g - 2 throwing nets (quivered)
 q - 3 curare-tipped darts
 C - 17 poisoned darts
Armour
 o - the +4 skin of Zhor (worn) {*Englaciate rC+++ SInv}
   (You found it on level 6 of the Dungeon)

   It radiates cold, occasionally slowing all nearby creatures who are not
   resistant to cold.
   rC:        It renders you almost immune to cold.
   SInv:      It lets you see invisible.
 y - a +2 cloak (worn)
Jewellery
 e - a ring of resist corrosion
 f - a +4 ring of slaying (right hand)
 n - an amulet of magic regeneration (around neck)
 u - a +6 ring of dexterity
 v - a +4 ring of protection (left hand)
 A - a ring of magical power
 G - a +4 ring of protection
Wands
 k - a wand of iceblast (20)
 t - a wand of polymorph (21)
 w - a wand of acid (8)
 D - a wand of digging (4)
Scrolls
 d - 2 scrolls of amnesia
 i - 4 scrolls of identify
 p - 4 scrolls of teleportation
 s - 2 scrolls of fog
 x - 2 scrolls of blinking
 B - 2 scrolls of fear
 E - a scroll of summoning
 I - a scroll of magic mapping
 L - 2 scrolls of immolation
Potions
 a - a potion of attraction
 b - a potion of heal wounds
 c - a potion of invisibility
 h - a potion of mutation
 j - 5 potions of curing
 l - 5 potions of ambrosia
 m - 6 potions of resistance
 r - 3 potions of magic
 H - 2 potions of lignification
 K - a potion of berserk rage


   Skills:
 + Level 6.7 Fighting
 + Level 9.1 Short Blades
 + Level 11.0 Dodging
 + Level 16.2 Stealth
 + Level 13.2 Spellcasting
 + Level 13.3 Hexes


You had 24 spell levels left.
You knew the following spells:

 Your Spells              Type           Power      Damage    Failure   Level
a - Ensorcelled Hibernat  Hex/Ice        70%        N/A       1%          2
b - Tukima's Dance        Hex            56%        N/A       1%          3
c - Dazzling Flash        Conj/Hex       70%        N/A       1%          3
d - Invisibility          Hex            28%        N/A       3%          6

Your spell library contained the following spells:

 Spells                   Type           Power      Damage    Failure   Level
 Confusing Touch          Hex            56%        N/A       1%          3
 Inner Flame              Hex/Fire       35%        N/A       1%          3
 Summon Guardian Golem    Hex/Summ       35%        N/A       1%          3
 Cause Fear               Hex            28%        N/A       1%          4
 Apportation              Tloc           22%        N/A       6%          1
 Beastly Appendage        Tmut           22%        N/A       6%          1
 Summon Small Mammal      Summ           44%        N/A       6%          1
 Static Discharge         Conj/Air       11%        N/A       9%          2
 Wereblood                Tmut           11%        N/A       9%          2
 Call Canine Familiar     Summ           11%        N/A       17%         3
 Gell's Gravitas          Tloc           11%        N/A       17%         3
 Ignite Poison            Fire/Tmut/Pois 11%        N/A       17%         3
 Mephitic Cloud           Conj/Pois/Air  11%        N/A       17%         3
 Spider Form              Tmut/Pois      11%        N/A       17%         3
 Teleport Other           Tloc           11%        N/A       17%         3
 Olgreb's Toxic Radiance  Pois           11%        N/A       50%         4
 Discord                  Hex            28%        N/A       83%         8
 Alistair's Intoxication  Tmut/Pois      7%         N/A       85%         5
 Fireball                 Conj/Fire      5%         3d5       85%         5
 Freezing Cloud           Conj/Ice/Air   5%         6-21      85%         5
 Iskenderun's Battlesphe  Conj           11%        2d7       85%         5
 Lightning Bolt           Conj/Air       5%         1d17      85%         5
 Conjure Ball Lightning   Conj/Air       5%         3x3d6     100%        6
 Dispersal                Tloc           5%         N/A       100%        6
 Eringya's Noxious Bog    Tmut/Pois      5%         N/A       100%        6
 Orb of Destruction       Conj           5%         9d2       100%        7
 Ozocubu's Refrigeration  Ice            5%         4d6       100%        7
 Ignition                 Fire           5%         3d4       100%        8
 Maxwell's Capacitive Co  Air            5%         ∞         100%        8
 Necromutation            Tmut/Necr      5%         N/A       100%        8


Dungeon Overview and Level Annotations

Branches:
Dungeon (14/15)            Temple (1/1) D:6            Lair (0/6) D:9
    Orc (0/2) D:9           IceCv (visited)
 Vaults: D:13-14

Altars:
Ashenzari
Cheibriados
Dithmenos
Elyvilon
Fedhas
Gozag
Hepliaklqana
Kikubaaqudgha
Makhleb
Nemelex Xobeh
Okawaru
Qazlal
Ru
Sif Muna
Trog
Uskayaw
Vehumet
Wu Jian
Xom
Yredelemnul
Zin
The Shining One

Shops:
D:6 (   D:8 ?

Portals:
Abyss: D:3

Annotations:
D:3 2 transporters, Glokmah's ghost, amateur TeGl
D:9 2 transporters, sm0rk's ghost, novice HOMo
D:14 Azrael


Innate Abilities, Weirdness & Mutations

You are very small and have problems with some larger weapons.
You are too small for most types of armour.
You have supernaturally acute eyesight. (SInv)
You cover ground extremely quickly. (Speed+++)
You are agile. (Dex +2)
You tend to lose your temper in combat.
You have an increased reservoir of magic. (+10% MP)
Your system is resistant to poisons. (rPois)
You are resistant to electric shocks. (rElec)


Message History

Casting: Tukima's Dance (safe; 1% risk of failure)
Confirm with . or Enter, or press ? or * to list all spells.
Aiming: Tukima's Dance (safe; 1% risk of failure)
Press: ? - help, Shift-Dir - straight line, f/p - centaur warrior
Aim: a centaur warrior, wielding a +2 longbow of flaming, wearing a +0 robe and quivering arrows (slow, chance to affect: 59%)
The centaur warrior resists with significant effort.
You radiate an aura of cold.
The centaur warrior resists.
A faun comes into view.
The centaur warrior shoots an arrow.
The arrow misses you.
Unknown command.
Casting: Tukima's Dance (safe; 1% risk of failure)
Confirm with . or Enter, or press ? or * to list all spells.
Aiming: Tukima's Dance (safe; 1% risk of failure)
Press: ? - help, Shift-Dir - straight line, f/p - centaur warrior
Aim: a centaur warrior, wielding a +2 longbow of flaming, wearing a +0 robe and quivering arrows (slow, chance to affect: 59%)
The hell hound's front paws twitch.
The centaur warrior is no longer moving slowly.
The hell hound is no longer moving slowly.
Casting: Tukima's Dance (safe; 1% risk of failure)
Confirm with . or Enter, or press ? or * to list all spells.
Aiming: Ensorcelled Hibernation (safe; 1% risk of failure)
Press: ? - help, Shift-Dir - straight line, f - hell hound
Aim: a hell hound (moderately wounded, umbra, chance to affect: 63%)
The hell hound looks drowsy...
Unknown command.
Casting: Ensorcelled Hibernation (safe; 1% risk of failure)
Confirm with . or Enter, or press ? or * to list all spells.
You fade into invisibility!
You are very lightly contaminated with residual magic.
The centaur warrior shoots an arrow.
The arrow hits the hell hound!
Azrael gestures at you.
The fireball explodes!
The fireball engulfs the hell hound.
The hell hound completely resists.
The hell hound barks!
The fireball engulfs you!!
* * * LOW HITPOINT WARNING * * *
The fireball engulfs Azrael.
Azrael completely resists.
The hell hound barely misses you.
The centaur warrior shoots an arrow.
The arrow barely misses the hell hound.
The arrow hits you!!
You die...

#.....##(.## #...#...#
#... #....##....##
#...#..# #..
#)...##.....## #...#.#
.. #.....##.....###.(.#
##.....##.)..##....#
#......##..'#....##
#.......####....##
#........##....##
###.########...†@#
....##.........##hREB.#
###.'.........## ....##
#.##.......## c..##
#.########## ..#c. #..
.##... #.. ## ..# ....
#' ....


You could see Azrael (wandering), a boulder beetle (wandering), a centaur
warrior, a faun, a fire elemental (wandering) and a hell hound.

Vanquished Creatures
  A great orb of eyes (D:14)
  An ice dragon (IceCv)
  2 hydras
  3 centaur warriors
  A boulder beetle (D:13)
  6 two-headed ogres
  A death knight (D:12)
  Sonja (D:11)
  A deep elf pyromancer (D:13)
  An orb spider (shapeshifter) (D:14)
  An ugly thing (D:11)
  5 cyclopes
  2 manticores (D:12)
  Maurice (D:8)
  2 ice statues (IceCv)
  An unseen horror (D:12)
  A kobold demonologist (D:10)
  3 gargoyles (D:12)
  A komodo dragon (D:10)
  A freezing wraith (D:13)
  6 rime drakes
  4 trolls
  A hornet (D:10)
  Grinder (D:6)
  A slime creature (shapeshifter) (D:14)
  2 shadows
  7 yaks
  6 wyverns
  A fire elemental (D:14)
  2 wraiths
  3 basilisks
  Eustachio (D:6)
  12 vampire mosquitoes
  2 wargs (D:9)
  Duvessa (D:6)
  3 acid dragons
  3 hell hounds (D:14)
  6 water moccasins
  A sky beast (D:6)
  5 orc warriors
  3 necrophages
  10 centaurs
  2 kobold brigands
  4 bullfrogs
  2 wyvern zombies
  2 scorpions
  Dowan (D:6)
  A gnoll sergeant (D:9)
  A killer bee (D:10)
  2 lindwurm simulacra (IceCv)
  6 wights
  4 howler monkeys
  4 bullfrog zombies (D:5)
  9 centaur zombies
  8 komodo dragon simulacra (IceCv)
  2 bullfrog skeletons
  A jelly (D:5)
  A human zombie (D:5)
  5 orc priests
  6 hounds
  An iron imp (D:6)
  Crazy Yiuf (D:7)
  2 iguanas
  Jessica (D:2)
  8 orc wizards
  2 killer bee zombies (D:7)
  A hound zombie (D:5)
  3 mummies (D:5)
  A howler monkey zombie (D:9)
  4 gnolls
  9 adders
  7 acid dragon simulacra (IceCv)
  2 shadow imps
  An ufetubus (D:5)
  4 steam dragon simulacra (IceCv)
  4 worms
  2 dart slugs
  41 orcs
  7 endoplasms
  5 giant cockroaches
  12 goblins
  9 hobgoblins
  4 jackals (D:1)
  2 quokkas
  3 training dummies (D:6)
  5 ball pythons
  6 bats
  5 frilled lizards
  3 hobgoblin zombies (D:6)
  16 kobolds
  A kobold skeleton (D:6)
  A kobold zombie (D:6)
  2 orc zombies (D:6)
  4 rats
357 creatures vanquished.

Vanquished Creatures (collateral kills)
  Erica (D:8)
  3 orc warriors
  An ogre (D:4)
  9 wights
  4 gnolls
  An orc (D:9)
19 creatures vanquished.

Vanquished Creatures (others)
  A basilisk (D:14)
  6 dancing weapons
  2 hell hounds (D:14)
  2 bushes (D:9)
  2 fungi (D:9)
  17 plants
30 creatures vanquished.

Grand Total: 406 creatures vanquished

Notes
Turn   | Place    | Note
-------+----------+-------------------------------------------
     0 | D:1      | jnbjl the Spriggan Enchanter began the quest for the Orb.
     0 | D:1      | Reached XP level 1. HP: 9/9 MP: 5/5
   517 | D:1      | Reached XP level 2. HP: 12/13 MP: 7/7
  1107 | D:1      | Learned a level 2 spell: Ensorcelled Hibernation
  1497 | D:1      | Reached XP level 3. HP: 15/16 MP: 1/9
  1505 | D:1      | Learned a level 3 spell: Tukima's Dance
  1509 | D:1      | Learned a level 3 spell: Dazzling Flash
  1581 | D:1      | Found a faded altar of an unknown god.
  2426 | D:2      | Reached skill level 5 in Hexes
  2426 | D:2      | Reached XP level 4. HP: 13/21 MP: 1/11
  3040 | D:2      | Noticed Jessica
  3048 | D:2      | Killed Jessica
  3305 | D:3      | Found a sacrificial altar of Ru.
  3660 | D:3      | Reached XP level 5. HP: 24/24 MP: 13/13
  3687 | D:3      | Reached skill level 5 in Spellcasting
  3768 | D:3      | Gained mutation: You tend to lose your temper in combat.
                  | [potion of mutation]
  3768 | D:3      | Gained mutation: You sometimes lose the ability to read
                  | scrolls when taking damage. [potion of mutation]
  3768 | D:3      | Gained mutation: You often lose your temper in combat.
                  | [potion of mutation]
  3769 | D:3      | Lost mutation: You sometimes lose the ability to read
                  | scrolls when taking damage. [potion of mutation]
  3769 | D:3      | Gained mutation: Your muscles are strong. (Str +2) [potion
                  | of mutation]
  3788 | D:3      | Noticed Glokmah's ghost (amateur TeGl)
  3877 | D:3      | Found a transporter.
  3894 | D:3      | Found a transporter.
  3901 | D:3      | Noticed a small abomination
  4047 | D:3      | Found a one-way gate to the infinite horrors of the Abyss.
  4296 | D:4      | Reached skill level 5 in Stealth
  4304 | D:4      | Reached XP level 6. HP: 7/28 MP: 8/15
  4628 | D:4      | Reached skill level 6 in Stealth
  5462 | D:5      | Entered Level 5 of the Dungeon
  5469 | D:5      | Reached XP level 7. HP: 32/32 MP: 14/17
  5564 | D:5      | Reached skill level 7 in Stealth
  6453 | D:5      | Lost mutation: You often lose your temper in combat.
                  | [potion of mutation]
  6453 | D:5      | Lost mutation: You tend to lose your temper in combat.
                  | [potion of mutation]
  6453 | D:5      | Gained mutation: You are resistant to electric shocks.
                  | (rElec) [potion of mutation]
  6453 | D:5      | Gained mutation: You have an increased reservoir of magic.
                  | (+10% MP) [potion of mutation]
  6453 | D:5      | Gained mutation: You sometimes lose the ability to read
                  | scrolls when taking damage. [potion of mutation]
  6453 | D:5      | Gained mutation: Your muscles are very strong. (Str +4)
                  | [potion of mutation]
  6496 | D:5      | Identified a scroll of acquirement
  6496 | D:5      | Acquired a book of Hexes
  6566 | D:5      | Identified the +5 halberd of Amorality {vorpal, *Corrode
                  | rF+ Will+ Int+6}
  6607 | D:5      | Reached skill level 8 in Stealth
  6728 | D:5      | Found a basalt altar of Yredelemnul.
  7030 | D:5      | Reached XP level 8. HP: 29/36 MP: 22/22
  7238 | D:6      | Found the +4 skin of Zhor {*Englaciate rC+++ SInv}
  7280 | D:6      | Reached skill level 9 in Stealth
  7365 | D:6      | Found a white marble altar of Elyvilon.
  7366 | D:6      | Lost mutation: You sometimes lose the ability to read
                  | scrolls when taking damage. [potion of mutation]
  7366 | D:6      | Lost mutation: Your muscles are very strong. (Str +4)
                  | [potion of mutation]
  7366 | D:6      | Lost mutation: Your muscles are strong. (Str +2) [potion of
                  | mutation]
  7366 | D:6      | Gained mutation: You are agile. (Dex +2) [potion of
                  | mutation]
  7366 | D:6      | Gained mutation: Your system is resistant to poisons.
                  | (rPois) [potion of mutation]
  7366 | D:6      | Gained mutation: You tend to lose your temper in combat.
                  | [potion of mutation]
  7383 | D:6      | Found a staircase to the Ecumenical Temple.
  7409 | Temple   | Entered the Ecumenical Temple
  7903 | D:6      | Found a bloodstained altar of Trog.
  7978 | D:6      | Found a glowing golden altar of the Shining One.
  7985 | D:6      | Noticed Dowan
  8156 | D:6      | Noticed Duvessa
  8187 | D:6      | Reached skill level 10 in Stealth
  8195 | D:6      | Killed Duvessa
  8209 | D:6      | Killed Dowan
  8388 | D:6      | Noticed Eustachio
  8395 | D:6      | Killed Eustachio
  8396 | D:6      | Reached XP level 9. HP: 39/39 MP: 23/25
  8628 | D:6      | Found Sashesk's Firing Range.
  8792 | D:6      | Noticed Grinder
  8803 | D:6      | Paralysed by Grinder for 6 turns
  8820 | D:6      | Killed Grinder
  9022 | D:7      | Found a runed translucent door.
  9023 | D:7      | Noticed Crazy Yiuf
  9031 | D:7      | Killed Crazy Yiuf
  9481 | D:7      | Reached skill level 11 in Stealth
  9857 | D:7      | Reached skill level 1 in Fighting
 10581 | D:8      | Noticed Maurice
 10585 | D:8      | Killed Maurice
 10586 | D:8      | Reached skill level 10 in Hexes
 10988 | D:8      | Reached skill level 10 in Spellcasting
 10991 | D:8      | Reached skill level 5 in Dodging
 11141 | D:8      | Reached XP level 10. HP: 46/46 MP: 27/27
 11236 | D:8      | Noticed Erica
 11250 | D:8      | Killed Erica
 11251 | D:8      | Reached skill level 12 in Stealth
 11323 | D:8      | Found Etevani's Magic Scroll Shop.
 11352 | D:8      | Bought a scroll of enchant weapon for 75 gold pieces
 11352 | D:8      | Bought a scroll of enchant weapon for 75 gold pieces
 11352 | D:8      | Bought a scroll of enchant weapon for 75 gold pieces
 11352 | D:8      | Bought 2 scrolls of identify for 40 gold pieces
 11352 | D:8      | Bought a scroll of identify for 20 gold pieces
 11395 | D:8      | Found a shadowy altar of Dithmenos.
 11592 | D:8      | Acquired 918 gold pieces
 12152 | D:9      | Noticed an eight-headed hydra
 12160 | D:9      | Found a transporter.
 12175 | D:9      | Noticed a glowing orange brain
 12195 | D:9      | Noticed sm0rk's ghost (novice HOMo)
 12203 | D:9      | Found a transporter.
 12404 | D:9      | Reached skill level 5 in Short Blades
 12464 | D:9      | Found a staircase to the Lair.
 12794 | D:9      | Reached skill level 13 in Stealth
 12933 | D:9      | Reached XP level 11. HP: 53/53 MP: 18/29
 12956 | D:9      | Found a staircase to the Orcish Mines.
 13241 | D:10     | Entered Level 10 of the Dungeon
 13564 | D:10     | Found an ancient bone altar of Kikubaaqudgha.
 14021 | D:10     | Found a snail-covered altar of Cheibriados.
 14110 | D:10     | Noticed a two-headed ogre
 14122 | D:10     | Killed a two-headed ogre
 14253 | D:10     | Noticed a two-headed ogre
 14282 | D:10     | Killed a two-headed ogre
 14845 | D:10     | Reached skill level 14 in Stealth
 14999 | D:11     | Identified the +0 helmet of the Ladybird {rElec rF- Str+5
                  | Int-2}
 15214 | D:11     | Reached skill level 5 in Fighting
 15300 | D:11     | Learned a level 6 spell: Invisibility
 15417 | D:11     | Noticed Sonja
 15427 | D:11     | Killed Sonja
 15591 | D:11     | Noticed a purple ugly thing
 15598 | D:11     | Killed a purple ugly thing
 15634 | D:11     | Reached XP level 12. HP: 60/60 MP: 28/31
 16197 | D:8      | Became a worshipper of Dithmenos the Shadowed
 16291 | D:12     | Found a frozen archway.
 16297 | IceCv    | Entered an ice cave
 16691 | IceCv    | Noticed an ice dragon
 16700 | IceCv    | Killed an ice dragon
 16875 | IceCv    | Reached * piety under Dithmenos
 16884 | IceCv    | Reached skill level 15 in Stealth
 17068 | IceCv    | Got Wouzol's Guide on Mutagenic Curses
 17184 | D:12     | Noticed a seven-headed hydra
 17191 | D:12     | Noticed a two-headed ogre
 17192 | D:12     | Killed a seven-headed hydra
 17227 | D:12     | Killed a two-headed ogre
 17333 | D:12     | Reached skill level 10 in Dodging
 17441 | D:12     | Noticed a two-headed ogre
 17454 | D:12     | Killed a two-headed ogre
 17551 | D:12     | Noticed a death knight
 17573 | D:12     | Killed a death knight
 18053 | D:13     | Noticed a two-headed ogre
 18058 | D:13     | Reached ** piety under Dithmenos
 18066 | D:13     | Killed a two-headed ogre
 18153 | D:13     | Noticed a boulder beetle
 18170 | D:13     | Noticed a centaur warrior
 18192 | D:13     | Killed a boulder beetle
 18214 | D:13     | Reached XP level 13. HP: 65/65 MP: 33/33
 18938 | D:14     | Found an opulent altar of Gozag.
 19028 | D:14     | Reached skill level 16 in Stealth
 19076 | D:14     | Noticed Azrael
 19101 | D:14     | Noticed a sphinx
 19279 | D:14     | Shot with an arrow by a centaur warrior

Illustrated notes

Levels and vault maps discovered:
D:1:      dpeg_arrival_shrine, layout_basic,
          hellmonk_ecumenical_altar_pennies_from_heaven, minmay_misc_feat_roman
D:2:      layout_basic, serial_glass, glass_columns_c, glass_columns_a,
          item_on_display_a, uniq_jessica
D:3:      layout_basic, nicolae_ru_awakened_eye, gammafunk_ghost_abyssal_escape
D:4:      wander_river, layout_basic, corner_web_ring
D:5:      layout_cave_pools, lemuel_mausoleum_altar_yredelemnul
D:6:      kb_forest_paths, layout_cave_pods, elyvilon_altar_5,
          nicolae_tso_besieged_by_evil, mainiacjoe_overflow_boulevard,
          minmay_temple_entry_overgrown, nicolae_shop_firing_range,
          uniq_duvessa, uniq_grinder, uniq_eustachio
D:7:      layout_loops_ring, uniq_crazy_yiuf_cottage
D:8:      corexii_shack_village, layout_basic, general_overflow_altar,
          serial_shops, shop, minmay_fractal_squares_5, uniq_maurice, uniq_erica
D:9:      layout_rooms, minmay_lair_entry_grove, david_orc_1_choice,
          gammafunk_ghost_arena, minmay_holes
D:10:     minmay_four_partial_circles, layout_basic, slow_altar_2,
          nicolae_kikubaaqudgha_miasma_corner, serial_bayou_pond_e
D:11:     layout_basic, uniq_sonja
D:12:     layout_big_octagon, portal_ice_cave_rime, bh_walls_and_bars
D:13:     layout_small_grid, chequers_avenue
D:14:     minmay_octo_star, layout_loops_ring, david_vaults_1,
          old_standard_altar, uniq_azrael
Temple:   eino_temple_water

Skill      XL: |  1  2  3  4  5  6  7  8  9 10 11 12 13 |
---------------+----------------------------------------+-----
Spellcasting   | 3 4 5 6 7 8 10 11 12 13 | 13.2
Hexes          | 4 5 6 7 9 10 11 12 13 | 13.3
Stealth        | 5 6 8 10 11 13 14 15 16 | 16.2
Dodging        | 5 7 8 10 11 | 11.0
Fighting       | 2 3 5 6 |  6.7
Short Blades   | 3 5 7 8 9 |  9.1

Action                   |  1- 3 |  4- 6 |  7- 9 | 10-12 | 13-15 || total
-------------------------+-------+-------+-------+-------+-------++-------
Melee: Dagger            |   142 |   131 |   368 |   608 |    77 ||  1326
 Cast: Ensorcelled Hiber |    18 |    27 |    30 |    75 |     8 ||   158
       Tukima's Dance    |       |     3 |    21 |    23 |     3 ||    50
       Dazzling Flash    |       |       |     4 |     3 |       ||     7
       Invisibility      |       |       |       |     5 |     2 ||     7
Evoke: Wand              |       |       |     5 |    17 |     4 ||    26
  Use: Scroll            |     2 |     8 |     5 |    12 |     1 ||    28
       Potion            |       |     3 |     2 |     9 |       ||    14
 Stab: Sleeping          |    17 |    24 |    36 |    61 |    10 ||   148
       Distracted        |       |       |     2 |     6 |     1 ||     9
       Invisible         |       |       |     1 |    19 |     1 ||    21
       Paralysed         |       |       |     1 |       |       ||     1
Armor: Robe              |    11 |    16 |    11 |       |       ||    38
       Animal skin       |       |       |    61 |   100 |    11 ||   172
Dodge: Dodged            |    95 |    91 |   302 |   468 |    58 ||  1014

Table legend: (Time is in decaauts)
 A = Elapsed time spent in this place.
 B = Non-inter-level travel time spent in this place.
 C = Inter-level travel time spent in this place.
 D = Time resting spent in this place.
 E = Time spent auto-exploring this place.
 F = Levels seen in this place.
 G = Mean time per level.
                   A        B        C        D        E       F      G
               +--------+--------+--------+--------+--------+-----+--------+
         Total |  15523 |  15108 |    415 |   2950 |   9137 |  16 |  970.2 |
       Dungeon |  14764 |  14358 |    406 |   2659 |   8918 |  14 | 1054.6 |
        Temple |     51 |     42 |      9 |      0 |     15 |   1 |   51.0 |
      Ice Cave |    708 |    708 |      0 |    290 |    203 |   1 |  708.0 |
               +--------+--------+--------+--------+--------+-----+--------+

Top non-repeatable levels by time:
     D:1: 1556 daAuts
     D:6: 1555 daAuts
     D:4: 1533 daAuts
    D:10: 1467 daAuts
     D:5: 1224 daAuts
     D:8: 1170 daAuts
     D:2: 1136 daAuts
     D:9: 1085 daAuts
     D:7: 1038 daAuts
    D:11: 731 daAuts
    D:12: 715 daAuts
   IceCv: 708 daAuts
     D:3: 639 daAuts
    D:13: 521 daAuts
    D:14: 388 daAuts
